 Dungeon Crawl Stone Soup version 0.32-a0-132-g2d33c3c (webtiles) character file.

Game seed: 7329128979681246166

107 Dorkslayer the Ducker (level 4, -5/31 HPs)
             Began as an Octopode Fighter on Feb 8, 2024.
             Slain by Sigmund
             ... wielding a +0 scythe
              (10 damage)
             ... on level 2 of the Dungeon.
             The game lasted 00:02:52 (888 turns).

Dorkslayer the Ducker (Octopode Fighter)             Turns: 888, Time: 00:02:53

Health: -5/31      AC:  1    Str: 17    XL:     4   Next: 85%
Magic:  4/4        EV: 13    Int: 10    God:
Gold:   109        SH:  6    Dex: 11    Spells: 3/3 levels left

rFire   . . .        f - +0 trident
rCold   . . .        a - +2 buckler
rNeg    . . .        (helmet restricted)
rPois   .            (no amulet)
rElec   .            (no ring)
rCorr   .            (no ring)
SInv    .            (no ring)
Will    .....        (no ring)
Stlth   ++           (no ring)
HPRegen 0.25/turn    (no ring)
MPRegen 0.09/turn    (no ring)
                     (no ring)

%: no passive effects
@: mighty
A: almost no armour, amphibious, 8 rings, camouflage 1, gelatinous body 1,
(nimble swimmer 1), tentacles
a: no special abilities


You were on level 2 of the Dungeon.
You visited 1 branch of the dungeon, and saw 2 of its levels.

You collected 109 gold pieces.

Inventory:

Hand Weapons
 f - a +0 trident (weapon)
 k - a +2 mace of protection
Missiles
 e - 5 javelins (quivered)
Armour
 a - a +2 buckler (worn)
Scrolls
 j - a scroll of enchant weapon {unknown}
 l - a scroll of revelation {unknown}
Potions
 b - a potion of might
 c - 2 potions of mutation {unknown}
 d - a potion of cancellation {unknown}
 g - a potion of haste {unknown}
 h - a potion of attraction {unknown}
 i - a potion of ambrosia {unknown}
 m - a potion of enlightenment {unknown}


   Skills:
 + Level 3.5 Fighting
 * Level 1.7 Polearms
 + Level 3.6 Dodging
 + Level 1.1 Stealth
 + Level 3.4 Shields
 * Level 2.7 Unarmed Combat


You had 3 spell levels left.
You didn't know any spells.
Your spell library was empty.

Dungeon Overview and Level Annotations

Branches:
Dungeon (2/15)

Altars:

Annotations:
D:2 Natasha, Sigmund


Innate Abilities, Weirdness & Mutations

You cannot wear most types of armour.
You are amphibious.
You can wear up to eight rings at the same time.
Your skin changes colour to match your surroundings (Stealth+).
Your rubbery body absorbs attacks. (AC +1, EV +1)
((You are camouflaged when in or above water. (Stealth+)))
You have tentacles for arms and can constrict up to eight enemies at once.


Message History

You miss the adder. You grab the adder. You squeeze the adder.
The adder is severely wounded.
You constrict the adder.
You kill the adder!
The adder barely misses you.
Your Stealth skill increases to level 1!
You hit the adder but do no damage. Your grab misses the adder.
You squeeze the adder!
The adder is severely wounded.
The adder misses you.
You closely miss the adder. Your grab misses the adder.
Your squeeze misses the adder.
The adder is severely wounded.
You block the adder's attack. x2
You puncture the adder!
You kill the adder!
There is an open door here.
You see here an adder corpse.
m - a coppery potion You open the door.
There is an open door here.
Found 10 gold pieces.
You see here the +0 helmet of Reoxzih {rN+ Str+3}.
Found 12 gold pieces.
You now have 109 gold pieces (gained 10).
Sigmund the Dreaded comes into view.
He is wielding a +0 scythe.
Sigmund shouts!
Sigmund giggles. "Time to reap what you sow."
Sigmund points at you and mumbles some strange words.
The magic dart hits you!
You see here 12 gold pieces.
You feel very mighty all of a sudden.
Sigmund mumbles some strange words.
Sigmund flickers and vanishes!
Deactivating autopickup; reactivate with Ctrl-A.
Something hits you!
You barely miss something. Something hits you!
* * * LOW HITPOINT WARNING * * *
You puncture something! Your squeeze misses something. Something hits you!
You die...

#........# ##†##
#.#.#.#....# #....
#.#........###....
#.# #...>[...'....
#.# ###..#####....
#.# #..# #.... #.
#.#####..# #....
.#...##........#
#....
......{@..$....#
#....
.##.###.########
#.... ...# #....
.....# #####
###.#.# ....#
##.### .


There were no monsters in sight!

Vanquished Creatures
  Natasha (twice) (D:2)
  2 adders (D:2)
  A dart slug (D:1)
  3 ball pythons
  3 endoplasms
  A giant cockroach (D:1)
  2 goblins (D:1)
  4 hobgoblins
  7 jackals
  A kobold (D:1)
  2 quokkas
  A bat (D:1)
  3 frilled lizards
  A rat (D:2)
33 creatures vanquished.

Notes
Turn   | Place    | Note
-------+----------+-------------------------------------------
     0 | D:1      | Dorkslayer the Octopode Fighter began the quest for the
                  | Orb.
     0 | D:1      | Reached XP level 1. HP: 16/16 MP: 1/1
   131 | D:1      | Reached XP level 2. HP: 21/21 MP: 2/2
   305 | D:1      | Reached XP level 3. HP: 22/26 MP: 3/3
   387 | D:1      | Found a faded altar of an unknown god.
   526 | D:2      | Noticed Natasha
   531 | D:2      | Killed Natasha
   532 | D:2      | Reached skill level 1 in Polearms
   560 | D:2      | Reached XP level 4. HP: 21/31 MP: 4/4
   638 | D:2      | Noticed Natasha
   651 | D:2      | Killed Natasha
   659 | D:2      | Noticed Natasha
   847 | D:2      | Reached skill level 1 in Stealth
   874 | D:2      | Identified the +0 helmet of Reoxzih {rN+ Str+3}
   881 | D:2      | Noticed Sigmund
   888 | D:2      | Slain by Sigmund

Illustrated notes

Levels and vault maps discovered:
D:1:      dpeg_arrival_simpleton_c, layout_rooms,
          dreamdust_ecumenical_altar_hidden_monk_grotto, minmay_ruptured
D:2:      layout_basic, serial_shops, shop, uniq_sigmund, uniq_natasha

Skill      XL: |  1  2  3  4 |
---------------+-------------+-----
Polearms       | 1 |  1.7
Stealth        | 1 |  1.1
Fighting       | |  3.5
Dodging        | |  3.6
Shields        | |  3.4
Unarmed Combat | |  2.7

Action                     |  1- 3 |  4- 6 || total
---------------------------+-------+-------++-------
  Melee: Unarmed           |     9 |       ||     9
         Constrict         |    14 |     2 ||    16
         Tentacles         |    11 |     2 ||    13
         Trident           |    42 |    25 ||    67
         Punch             |     1 |       ||     1
    Use: Scroll            |     3 |       ||     3
         Potion            |       |     1 ||     1
   Stab: Sleeping          |     2 |     2 ||     4
 Armour: Skin              |    20 |     7 ||    27
  Dodge: Dodged            |    41 |    12 ||    53
  Block: Buckler           |     7 |     5 ||    12

Table legend: (Time is in decaauts)
 A = Elapsed time spent in this place.
 B = Non-inter-level travel time spent in this place.
 C = Inter-level travel time spent in this place.
 D = Time resting spent in this place.
 E = Time spent auto-exploring this place.
 F = Levels seen in this place.
 G = Mean time per level.
                   A        B        C        D        E       F      G
               +--------+--------+--------+--------+--------+-----+--------+
         Total |    913 |    913 |      0 |      0 |    356 |   2 |  456.5 |
       Dungeon |    913 |    913 |      0 |      0 |    356 |   2 |  456.5 |
               +--------+--------+--------+--------+--------+-----+--------+

Top non-repeatable levels by time:
     D:1: 535 daAuts
     D:2: 378 daAuts
